 Dungeon Crawl Stone Soup version 0.25-a0-577-ga4619f409e (webtiles) character file.

Game seed: 4654575013990218172, levelgen mode: deterministic

155 surprisetrex the Conjurer (level 5, -2/44 HPs)
             Began as a Draconian Fire Elementalist on Mar 2, 2020.
             Was an Initiate of Vehumet.
             Killed by nerve-wracking pain
             ... invoked by Grinder
              (11 damage)
             ... on level 3 of the Dungeon.
             The game lasted 00:11:51 (2841 turns).

surprisetrex the Conjurer (DrFE)                    Turns: 2841, Time: 00:11:52

Health: -2/44      AC:  5    Str: 11    XL:     5   Next: 14%
Magic:  13/17      EV: 12    Int: 16    God:    Vehumet [......]
Gold:   127        SH:  0    Dex: 11    Spells: 7/8 levels left

rFire    . . .     SeeInvis .   b - +0 hunting sling
rCold    . . .     Gourm    .   (no shield)
rNeg     . . .     Faith    .   (armour unavailable)
rPois    .         Spirit   .   (helmet restricted)
rElec    .         Reflect  .   (no cloak)
rCorr    .         Harm     .   (no gloves)
MR       .....                  (no boots)
Stlth    ++........             (no amulet)
HPRegen  0.14/turn              j - ring of magical power (curse)
MPRegen  0.15/turn              (no ring)

@: very slightly contaminated
A: unfitting armour, cold-blooded, AC +5
a: Renounce Religion


You were on level 3 of the Dungeon.
You worshipped Vehumet.
Vehumet was noncommittal.
You were not hungry.

You visited 1 branch of the dungeon, and saw 3 of its levels.

You collected 127 gold pieces.

Inventory:

Hand Weapons
 a - a +0 short sword
 b - a +0 hunting sling (weapon)
Missiles
 d - 17 sling bullets (quivered)
 f - 35 poisoned darts
 m - 121 stones
Armour
 o - a +0 buckler
Jewellery
 j - a cursed ring of magical power (left hand)
Scrolls
 e - a scroll of enchant armour {unknown}
 g - a scroll of immolation {unknown}
 h - a scroll of identify {unknown}
 k - 2 scrolls of teleportation {unknown}
 p - a scroll of remove curse {unknown}
 q - a scroll of random uselessness {unknown}
 t - a scroll of enchant weapon {unknown}
Potions
 c - 2 potions of brilliance {unknown}
 i - a potion of curing
 r - a potion of stabbing {unknown}
 s - a potion of flight {unknown}
Comestibles
 l - 8 rations
 n - 10 chunks of flesh


   Skills:
 + Level 2.8 Fighting
 - Level 1.7 Dodging
 - Level 1.7 Stealth
 - Level 2.0 Spellcasting
 * Level 4.1 Conjurations
 - Level 3.0 Fire Magic


You had 7 spell levels left.
You knew the following spells:

 Your Spells              Type           Power        Failure   Level  Hunger
a - Foxfire               Conj/Fire      ##..         4%          1    #......

Your spell library contained the following spells:

 Spells                   Type           Power        Failure   Level  Hunger
 Conjure Flame            Conj/Fire      ##......     14%         3    ###....
 Inner Flame              Hex/Fire       #.......     32%         3    ###....
 Sticky Flame             Conj/Fire      ##......     43%         4    #####..
 Fireball                 Conj/Fire      ##........   78%         5    ######.


Dungeon Overview and Level Annotations

Branches:
Dungeon (3/15)

Altars:
Cheibriados
Kikubaaqudgha
Makhleb
Qazlal
Vehumet
Xom
Zin
The Shining One

Annotations:
D:3 Grinder


Innate Abilities, Weirdness & Mutations

Your plain brown scales are hard. (AC +5)
You cannot fit into any form of body armour.
You are cold-blooded and may be slowed by cold attacks.


Message History

Casting: Foxfire (safe; 4% risk of failure)
Confirm with . or Enter, or press ? or * to list all spells.
You miscast Foxfire.
Nothing appears to happen.
Grinder hits you!
* * * LOW HITPOINT WARNING * * *
Grinder gestures at you.
You suddenly lose the ability to move!
Grinder blinks!
You can move again.
Grinder says, "I used to sell toenails on the black market."
You see here a +0 falchion.
Grinder blinks!
Grinder gestures at you. Pain shoots through your body!
* * * LOW HITPOINT WARNING * * *
It was a potion of curing.
You feel better. Grinder gestures at you.
You barely resist. Grinder gestures at you. Pain shoots through your body!
You die...

..............#.#####.##########
########.####.#.#<..#.#####
................#.........##
#########..###.####...####..##
.........#..........#### ##..#
########.#..##.##..###8#####.#
#......##.#..##§≈_#...#.#
#.#.##.##.#.##≈≈..##....#
#.#.##.##..@#≈≈...####..#
#.#.##.##...'...§_8# ##.#
#.#.##.##.#.#≈≈...####..#
#.#.##..#.#.##≈≈..##....#
#.#.###.#.#5.##≈≈_#...#.#
#.#.###...##..###8#####.#
..#........)...#### ##..#
....####..5......####..## ..
#.>............##


You could see Grinder.

Vanquished Creatures
  An orc wizard (D:3)
  Natasha (D:3)
  3 adders (D:2)
  A worm (D:2)
  2 dart slugs
  3 leopard geckos
  5 orcs (D:3)
  3 bat zombies (D:2)
  2 giant cockroaches
  9 goblins
  5 hobgoblins
  3 quokkas (D:2)
  2 ball pythons
  6 bats
  4 frilled lizards
  5 kobolds
  2 rats
  3 rat zombies (D:2)
60 creatures vanquished.

Vanquished Creatures (others)
  128 foxfires
128 creatures vanquished.

Grand Total: 188 creatures vanquished

Notes
Turn   | Place    | Note
-------+----------+-------------------------------------------
     0 | D:1      | surprisetrex the Draconian Fire Elementalist began the
                  | quest for the Orb.
     0 | D:1      | Reached XP level 1. HP: 14/14 MP: 3/3
   372 | D:1      | Reached XP level 2. HP: 22/22 MP: 0/5
   542 | D:1      | Reached skill level 1 in Fighting
   702 | D:1      | Reached skill level 2 in Conjurations
  1573 | D:2      | Reached XP level 3. HP: 28/28 MP: 6/6
  1699 | D:2      | Found a snail-covered altar of Cheibriados.
  1796 | D:2      | Reached skill level 3 in Conjurations
  1959 | D:2      | Found a glowing golden altar of the Shining One.
  2041 | D:2      | Reached XP level 4. HP: 33/36 MP: 7/7
  2071 | D:2      | Found an ancient bone altar of Kikubaaqudgha.
  2209 | D:2      | Found a burning altar of Makhleb.
  2209 | D:2      | Found a radiant altar of Vehumet.
  2212 | D:2      | Became a worshipper of Vehumet
  2500 | D:3      | Noticed Natasha
  2507 | D:3      | Killed Natasha
  2641 | D:3      | Reached skill level 4 in Conjurations
  2641 | D:3      | Reached XP level 5. HP: 42/42 MP: 8/8
  2733 | D:3      | Found a glowing silver altar of Zin.
  2733 | D:3      | Found a stormy altar of Qazlal.
  2734 | D:3      | Found a shimmering altar of Xom.
  2824 | D:3      | Noticed Grinder
  2831 | D:3      | Paralysed by Grinder for 2 turns
  2841 | D:3      | Killed from afar by Grinder

Levels and vault maps discovered:
D:1:      lightli_arrival_quake, layout_basic
D:2:      layout_loops_ring, gammafunk_temple_overflow_elements, tso_altar,
          lemuel_zombie_altar_kikubaaqudgha, cheibriados_altar_1, first_ration
D:3:      layout_basic, gammafunk_temple_overflow_claw,
          cheibrodos_sewer_entry_bend, uniq_natasha, uniq_grinder, uniq_sigmund

Skill      XL: |  1  2  3  4 |
---------------+-------------+-----
Fighting       | 1 2 |  2.8
Conjurations   | 2 3 4 |  4.1
Dodging        | |  1.7
Stealth        | |  1.7
Spellcasting   | |  2.0
Fire Magic     | |  3.0

Action                   |  1- 3 |  4- 6 || total
-------------------------+-------+-------++-------
Melee: Unarmed           |     4 |       ||     4
       Tailslap          |     1 |       ||     1
       Short sword       |     8 |     3 ||    11
 Fire: Hunting sling     |    42 |    17 ||    59
Throw: Dart              |       |     3 ||     3
 Cast: Foxfire           |    54 |    26 ||    80
  Use: Potion            |       |     1 ||     1
  Eat: Chunk             |     4 |     3 ||     7
Armor: Skin              |    15 |     4 ||    19
Dodge: Dodged            |    26 |    13 ||    39

Table legend:
 A = Non-vault XP
 B = Vault XP
 C = Vault XP percentage of total XP
 D = Non-vault monster count
 E = Vault monster count
 F = Vault count percentage of total count
                 A         B        C        D         E       F
            +---------+---------+-------+---------+---------+-------
      Total |     178 |      44 |  19.8 |      53 |       7 |  11.7
            +---------+---------+-------+---------+---------+-------
        D:1 |      27 |       0 |   0.0 |      17 |       0 |   0.0
        D:2 |      86 |       9 |   9.5 |      25 |       6 |  19.4
        D:3 |      65 |      35 |  35.0 |      11 |       1 |   8.3
            +---------+---------+-------+---------+---------+-------
